[Event "Titled Tuesday Blitz February 21 Late 2023"]
[White "Sanal, Vahap"]
[Black "Martinez Ramirez, Lennis"]
[WhiteFideId "6300545"]
[BlackFideId "3509079"]
[WhiteElo "2600"]
[BlackElo "2426"]
[Result "1-0"]
[Round "06"]
[TimeControl "180+2"]
[Date "2023.02.21"]
[WhiteClock "0:00:18"]
[BlackClock "0:00:06"]

1. e4 e5 2. Nf3 Nf6 3. Nxe5 d6 4. Nf3 Nxe4 5. Nc3 Nxc3 6. dxc3 Be7 7. Be3 Nc6 8. Qd2 Be6 9. O-O-O Qd7 10. Kb1 O-O-O 11. Nd4 Nxd4 12. Bxd4 Rhg8 13. a3 Kb8 14. Bd3 h5 15. Rhe1 h4 16. h3 g5 17. f3 c5 18. Bf2 Qc6 19. c4 d5 20. Qc3 d4 21. Qd2 Bd6 22. b3 Bf4 23. Qe2 Rge8 24. Qf1 Qd7 25. Re2 Bf5 26. Rde1 Bxd3 27. cxd3 a5 28. Ka2 f5 29. Rxe8 Rxe8 30. Re2 a4 31. b4 Be3 32. bxc5 f4 33. Qd1 Re5 34. Be1 Rxc5 35. Bb4 Re5 36. Rb2 Qc6 37. Qc2 Kc7 38. Kb1 Kd7 39. Ka1 Ke6 40. Qb1 b5 41. Rc2 bxc4 42. Rxc4 Qb5 43. Qc2 Kf6 44. Rc8 Qd5 45. Qc7 Qb3 46. Qd6+ Re6 47. Qf8+ Kg6 48. Qg8+ Kf5 49. Rf8+ Rf6 50. Qh7+ Ke5 51. Qe7+ Qe6 52. Rxf6 Qxe7 53. Bxe7 Bd2 54. Rg6 g4 55. Rxg4 Bc3+ 56. Ka2 Bd2 57. Bxh4 Ke6 58. Bg5 Kd5 59. Bxf4 Bc3 60. h4 Kc6 61. Bc1 Kb5 62. Bb2 Ba5 63. Rg5+ Ka6 64. h5 Bb6 65. Rg6 Ka5 66. h6 Bc5 67. h7 Bxa3 68. h8=Q Bxb2 69. Qd8+ Kb4 70. Qb6+ Kc3 71. Qxb2+ Kxd3 72. Rd6 a3 73. Rxd4+ Ke3 74. Qd2# 1-0


[Site "https://www.chess.com"]

[Event "Titled Tuesday Blitz February 21 Late 2023"]
[White "Gholami Orimi, Mahdi"]
[Black "Thomforde-Toates, Noah"]
[WhiteFideId "12558486"]
[BlackFideId "30951992"]
[WhiteElo "2420"]
[BlackElo "2124"]
[Result "1-0"]
[Round "06"]
[TimeControl "180+2"]
[Date "2023.02.21"]
[WhiteClock "0:00:37"]
[BlackClock "0:00:04"]

1. e4 c5 2. Nf3 g6 3. d4 cxd4 4. Nxd4 Bg7 5. c4 Nc6 6. Be3 Nf6 7. Nc3 Ng4 8. Qxg4 Nxd4 9. Qd1 e5 10. Bd3 O-O 11. O-O d6 12. Nd5 Be6 13. Bxd4 exd4 14. Qb3 Bxd5 15. cxd5 Qb6 16. Rfc1 Rfc8 17. f4 Bh6 18. g3 g5 19. Rf1 gxf4 20. gxf4 Qxb3 21. axb3 a6 22. Kg2 Kf8 23. Kf3 Ke7 24. Ra4 Bg7 25. Rc4 Rxc4 26. bxc4 b5 27. Ra1 bxc4 28. Bxc4 a5 29. b3 d3 30. Ra2 Bc3 31. Bxd3 Rg8 32. Rc2 Bb4 33. Rc1 Kf6 34. Rc6 Ke7 35. Rc7+ Kf6 36. e5+ dxe5 37. Rc6+ Kg7 38. fxe5 Re8 39. Kf4 Ba3 40. Rc7 Kg8 41. Bb5 Rb8 42. Bc4 Bb2 43. d6 Rf8 44. Kf5 Kg7 45. e6 Rd8 46. Rxf7+ Kh6 47. d7 Rg8 48. e7 Bc1 49. Rf6+ Kh5 50. Bxg8 h6 51. e8=Q+ Kh4 52. d8=Q Bg5 53. Rxh6# 1-0


[Site "https://www.chess.com"]

[Event "Titled Tuesday Blitz February 21 Late 2023"]
[White "Ozates, Tuna"]
[Black "Zhigalko, Sergei"]
[WhiteFideId "6354521"]
[BlackFideId "13502956"]
[WhiteElo "2251"]
[BlackElo "2572"]
[Result "0-1"]
[Round "06"]
[TimeControl "180+2"]
[Date "2023.02.21"]
[WhiteClock "0:01:27"]
[BlackClock "0:01:56"]

1. e4 c5 2. Nf3 Nc6 3. Bb5 Nf6 4. Bxc6 dxc6 5. d3 Bg4 6. h3 Bh5 7. O-O Qc7 8. e5 Bxf3 9. Qxf3 Qxe5 10. Nc3 e6 11. Bf4 Qh5 12. g4 Qg6 13. Rfe1 Be7 14. Kh2 O-O 15. Rg1 Rfd8 16. Rae1 c4 17. dxc4 Qxc2 18. Re2 Qd3 19. Re3 Qxc4 20. g5 Nd5 21. Nxd5 Rxd5 22. Rg4 Qxa2 23. Be5 Rxe5 24. Rxe5 Bd6 25. Re4 Qxb2 26. Qe3 Bxe5+ 27. Rxe5 Rd8 28. Qxa7 Qxe5+ 0-1


[Site "https://www.chess.com"]

[Event "Titled Tuesday Blitz February 21 Late 2023"]
[White "Florescu, Codrut-Constantin"]
[Black "Samsonkin, Artiom"]
[WhiteFideId "1202200"]
[BlackFideId "13503111"]
[WhiteElo "2259"]
[BlackElo "2420"]
[Result "1-0"]
[Round "06"]
[TimeControl "180+2"]
[Date "2023.02.21"]
[WhiteClock "0:00:26"]
[BlackClock "0:00:08"]

1. e4 c5 2. Nf3 d6 3. d4 cxd4 4. Nxd4 Nf6 5. Nc3 g6 6. Be3 Bg7 7. f3 Nc6 8. Qd2 O-O 9. Bc4 Nxd4 10. Bxd4 Be6 11. Bxe6 fxe6 12. O-O Rc8 13. Rfe1 Rc4 14. Be3 Nd7 15. Rad1 Ne5 16. Kh1 Qa5 17. a3 Rfc8 18. Qf2 R4c6 19. Qh4 Bf6 20. Qh3 Kf7 21. Qxh7+ Bg7 22. Bh6 Rg8 23. Bxg7 Rxg7 24. Qh4 Nc4 25. Qf4+ Ke8 26. Rb1 Rh7 27. h3 b6 28. Qg4 Kf7 29. Ne2 Ne3 30. Qf4+ Ke8 31. Qxe3 Rxc2 32. Nd4 Rc4 33. Nxe6 Qe5 34. Nf4 g5 35. Nd3 Qg3 36. Qf2 1-0


[Site "https://www.chess.com"]

[Event "Titled Tuesday Blitz February 21 Late 2023"]
[White "Bortnyk, Olexandr"]
[Black "EREBUNI91"]
[WhiteFideId "14120828"]
[WhiteElo "2605"]
[BlackElo "2753"]
[Result "1-0"]
[Round "06"]
[TimeControl "180+2"]
[Date "2023.02.21"]
[WhiteClock "0:00:17"]
[BlackClock "0:00:06"]

1. d4 Nf6 2. Nc3 d5 3. Bf4 a6 4. e3 c5 5. dxc5 Nc6 6. Nf3 Bg4 7. Be2 e6 8. Na4 Ne4 9. O-O Nxc5 10. c4 dxc4 11. Qxd8+ Rxd8 12. Nb6 Nd3 13. Bc7 Rd7 14. Nxd7 Kxd7 15. Bxd3 cxd3 16. Bb6 e5 17. e4 f5 18. Rfe1 fxe4 19. Rxe4 Bf5 20. Re3 e4 21. Nd2 Nb4 22. Rd1 Nd5 23. Ree1 Nxb6 24. Nxe4 Kc7 25. Rxd3 Bb4 26. Rc1+ Kb8 27. Rd4 Be7 28. h3 Bxe4 29. Rxe4 Bf6 30. b3 Rd8 31. Rc2 Rd7 32. g4 Nd5 33. f4 Bd8 34. Rd2 Bb6+ 35. Kh1 Kc7 36. g5 h6 37. h4 hxg5 38. fxg5 g6 39. Re6 Nf4 40. Rxd7+ Kxd7 41. Rxb6 1-0


[Site "https://www.chess.com"]

[Event "Titled Tuesday Blitz February 21 Late 2023"]
[White "Oro, Faustino"]
[Black "Fedoseev, Vladimir"]
[WhiteFideId "20000197"]
[BlackFideId "24130737"]
[WhiteElo "2269"]
[BlackElo "2680"]
[Result "0-1"]
[Round "06"]
[TimeControl "180+2"]
[Date "2023.02.21"]
[WhiteClock "0:00:03"]
[BlackClock "0:00:40"]

1. e4 a6 2. d4 b5 3. Nf3 Bb7 4. Bd3 e6 5. O-O c5 6. c3 Nf6 7. Qe2 Be7 8. Nbd2 cxd4 9. cxd4 d6 10. Rd1 Nc6 11. Nf1 Nd7 12. Ng3 O-O 13. Be3 g6 14. Rac1 Bf6 15. Bb1 Re8 16. Qd2 Bg7 17. h4 Nf6 18. h5 Ng4 19. hxg6 fxg6 20. Bg5 Qd7 21. d5 exd5 22. exd5 Nce5 23. Nd4 Nc4 24. Qb4 Qf7 25. Nh1 Qxd5 26. Nf3 Qf7 27. b3 Nge5 28. Nxe5 Nxe5 29. Qxd6 Nf3+ 30. Kf1 Be5 31. Qd7 Nxg5 32. Qxf7+ Nxf7 33. Rd7 Rac8 34. Re1 Bc3 35. Rxe8+ Rxe8 36. Rd1 Ng5 37. Ng3 Ne6 38. Ne2 Bf6 39. Rc1 Rc8 40. Rd1 Rd8 41. Rc1 Kf7 42. a3 h5 43. a4 bxa4 44. bxa4 a5 45. Ba2 Bd5 46. Bb1 Rb8 47. Rd1 Bc4 48. Ke1 Rb4 0-1


[Site "https://www.chess.com"]

[Event "Titled Tuesday Blitz February 21 Late 2023"]
[White "Solon, Nathan"]
[Black "Kramnik, Vladimir"]
[WhiteFideId "2017229"]
[BlackFideId "4101588"]
[WhiteElo "2306"]
[BlackElo "2753"]
[Result "0-1"]
[Round "06"]
[TimeControl "180+2"]
[Date "2023.02.21"]
[WhiteClock "0:00:09"]
[BlackClock "0:00:49"]

1. Nf3 Nf6 2. g3 b5 3. Bg2 Bb7 4. Na3 b4 5. Nc4 a5 6. O-O e6 7. b3 Be7 8. Bb2 O-O 9. a4 d5 10. Nce5 c5 11. e3 Nbd7 12. d3 Nb6 13. Qe2 Ne8 14. Nd2 f6 15. Nef3 Nd6 16. Rfe1 e5 17. e4 c4 18. dxc4 dxc4 19. c3 cxb3 20. Nxb3 Ndc4 21. cxb4 Bxb4 22. Red1 Qe8 23. Rac1 Ba6 24. Qc2 Nxa4 25. Ba1 Kh8 26. Bf1 Nab6 27. Nh4 a4 28. Bxc4 Nxc4 29. Nd2 Nxd2 30. Rxd2 Rc8 31. Qd1 Bxd2 32. Qxd2 Rxc1+ 33. Qxc1 Qb5 0-1


[Site "https://www.chess.com"]

[Event "Titled Tuesday Blitz February 21 Late 2023"]
[White "Nasuta, Grzegorz"]
[Black "Perez Ponsa, Federico"]
[WhiteFideId "1141686"]
[BlackFideId "117927"]
[WhiteElo "2552"]
[BlackElo "2532"]
[Result "1-0"]
[Round "06"]
[TimeControl "180+2"]
[Date "2023.02.21"]
[WhiteClock "0:00:21"]
[BlackClock "0:00:03"]

1. e4 c5 2. Nf3 d6 3. d4 cxd4 4. Nxd4 Nf6 5. Nc3 a6 6. Be2 e5 7. Nb3 Be7 8. O-O O-O 9. Qd3 Nc6 10. a3 Be6 11. Nd5 Rc8 12. Be3 Bxd5 13. exd5 Nb8 14. a4 Ne8 15. Bg4 Nd7 16. a5 g6 17. Be2 f5 18. f4 Bf6 19. c3 Ng7 20. Kh1 exf4 21. Bxf4 Be5 22. Nd4 Bxf4 23. Rxf4 Ne5 24. Qd2 Qf6 25. Rff1 Rce8 26. c4 g5 27. b4 f4 28. c5 Nf5 29. Nxf5 Qxf5 30. c6 g4 31. cxb7 f3 32. Bxa6 g3 33. gxf3 Kh8 34. hxg3 Qh5+ 35. Qh2 Rg8 36. Qxh5 1-0


[Site "https://www.chess.com"]

[Event "Titled Tuesday Blitz February 21 Late 2023"]
[White "Melkumyan, Hrant"]
[Black "Darini, Pouria"]
[WhiteFideId "13302485"]
[BlackFideId "12502200"]
[WhiteElo "2645"]
[BlackElo "2401"]
[Result "1-0"]
[Round "06"]
[TimeControl "180+2"]
[Date "2023.02.21"]
[WhiteClock "0:00:10"]
[BlackClock "0:00:02"]

1. d4 Nf6 2. c4 e6 3. Bf4 b6 4. a3 Bb7 5. Nc3 g6 6. h3 Bg7 7. Nf3 O-O 8. e3 d6 9. Be2 Nbd7 10. O-O Qe7 11. Bh2 Ne4 12. Rc1 Nxc3 13. Rxc3 a5 14. b4 axb4 15. axb4 e5 16. Re1 Rfe8 17. Rc1 Ra3 18. d5 Rea8 19. Nd2 e4 20. Nb3 Ne5 21. Nd4 Nd3 22. Bxd3 Rxd3 23. Qc2 Qg5 24. Bf4 Qh4 25. Nb5 Qe7 26. Red1 Rxd1+ 27. Qxd1 Ba6 28. Nd4 h5 29. Ra1 Qe8 30. Qc2 Bb7 31. Rd1 Qa4 32. Qb1 Bc8 33. Nb5 Bf5 34. Nxc7 Be5 35. Bxe5 dxe5 36. Nb5 Rc8 37. Nd6 Rd8 38. c5 bxc5 39. bxc5 Bd7 40. Rc1 Be8 41. Qb6 Qa8 42. Nxe8 Rxe8 43. d6 Rb8 44. Qc7 Rc8 45. Qxc8+ Qxc8 46. c6 Qa6 47. c7 Qc8 48. d7 Qxd7 49. c8=Q+ Qxc8 50. Rxc8+ 1-0


[Site "https://www.chess.com"]

[Event "Titled Tuesday Blitz February 21 Late 2023"]
[White "Indjic, Aleksandar"]
[Black "Averjanov, Alexey"]
[WhiteFideId "911925"]
[BlackFideId "14109867"]
[WhiteElo "2618"]
[BlackElo "2399"]
[Result "1-0"]
[Round "06"]
[TimeControl "180+2"]
[Date "2023.02.21"]
[WhiteClock "0:00:20"]
[BlackClock "0:00:02"]

1. e4 c6 2. d4 d5 3. e5 Bf5 4. h4 h5 5. Bd3 Bxd3 6. Qxd3 e6 7. Bg5 Qa5+ 8. Nd2 Qa6 9. c4 Bb4 10. b3 Ne7 11. Nf3 Nf5 12. O-O Nd7 13. Rfc1 Ba3 14. Rd1 c5 15. Qc3 Bb4 16. Qb2 Ba3 17. Qc2 cxd4 18. cxd5 O-O 19. Nc4 Rac8 20. Qe4 Nc5 21. Qf4 b5 22. Nxa3 Qxa3 23. Nxd4 Nxd4 24. Qxd4 exd5 25. Be7 Rfe8 26. Bd6 Rc6 27. Qxd5 Rec8 28. Rac1 Qb4 29. Rc2 Qg4 30. Rdc1 Ne6 31. Rxc6 Rxc6 32. Qxc6 Nf4 33. Qc8+ Qxc8 34. Rxc8+ Kh7 35. Kf1 Kg6 36. Ra8 1-0


[Site "https://www.chess.com"]

[Event "Titled Tuesday Blitz February 21 Late 2023"]
[White "Li, Ruifeng"]
[Black "Risteski, Emil"]
[WhiteFideId "2061074"]
[BlackFideId "15005267"]
[WhiteElo "2541"]
[BlackElo "2366"]
[Result "1-0"]
[Round "06"]
[TimeControl "180+2"]
[Date "2023.02.21"]
[WhiteClock "0:01:28"]
[BlackClock "0:01:48"]

1. b3 c5 2. Bb2 Nc6 3. Nf3 d6 4. d4 cxd4 5. Nxd4 e5 6. Nxc6 bxc6 7. c4 Nf6 8. g3 Be7 9. Bg2 Qc7 10. O-O O-O 11. Nc3 Be6 12. Rc1 Rfd8 13. Nd5 Qb7 14. Nxe7+ Qxe7 15. Bxc6 Rab8 16. Bg2 a5 17. Ba3 Qa7 18. Bxd6 Rbc8 19. Qd2 Ne8 20. c5 Qa6 21. Rcd1 h6 22. Qe3 Nxd6 23. cxd6 Rxd6 24. Qxe5 Rxd1 25. Rxd1 Rc2 26. Rd8+ Kh7 27. Be4+ f5 28. Bxf5+ Bxf5 29. Qxf5+ Qg6 30. Rh8+ Kxh8 31. Qxg6 1-0


[Site "https://www.chess.com"]

[Event "Titled Tuesday Blitz February 21 Late 2023"]
[White "Skvortsov, Andrei"]
[Black "Kobo, Ori"]
[WhiteFideId "24108600"]
[BlackFideId "2812320"]
[WhiteElo "2313"]
[BlackElo "2559"]
[Result "1/2-1/2"]
[Round "06"]
[TimeControl "180+2"]
[Date "2023.02.21"]
[WhiteClock "0:00:12"]
[BlackClock "0:00:02"]

1. e4 g6 2. d4 Bg7 3. Nc3 d6 4. h3 Nf6 5. Nf3 a6 6. a4 O-O 7. Be2 Nc6 8. O-O e5 9. dxe5 dxe5 10. Bg5 Be6 11. Qxd8 Rfxd8 12. Rfd1 h6 13. Be3 Nb4 14. Rxd8+ Rxd8 15. Rd1 Re8 16. Rd2 Nd7 17. Nb1 f5 18. exf5 gxf5 19. c3 Nd5 20. Bc4 c6 21. Rd1 f4 22. Bc1 Bf7 23. Ne1 N7b6 24. Bb3 a5 25. f3 Kf8 26. Nd3 Nxc3 27. Bxf7 Nxd1 28. Bxe8 Kxe8 29. b3 Nd7 30. Kf1 b5 31. Ke2 Ne3 32. Bxe3 fxe3 33. Kxe3 Nb6 34. axb5 cxb5 35. Nc3 a4 36. Nxb5 axb3 37. Na3 e4 38. fxe4 Na4 39. Nb1 b2 40. Kd2 Ke7 41. Kc2 Ke6 42. Nd2 Bf6 43. Nc4 b1=Q+ 44. Kxb1 Nc3+ 45. Kc2 Nxe4 46. Ne3 Ng3 47. Kd1 Bg5 48. Ng4 h5 49. Ngf2 h4 50. Ng4 Kf5 51. Ke1 Be7 52. Nc1 Kf4 53. Ne2+ Nxe2 54. Kxe2 Bd8 55. Kf2 Be7 56. Kf1 Bc5 57. Nf6 Ba7 58. Nd5+ Kg5 59. Ke2 Bb8 60. Kf3 Bh2 61. Nc3 Bb8 62. Ne4+ Kh5 63. Nf6+ Kg5 64. Nd7 Bh2 65. Ke4 Bg3 66. Nc5 Kh5 67. Nb3 Bh2 68. Nd4 Bb8 69. Kf5 Bg3 70. Ne6 Be1 71. Nf4+ Kh6 72. Kg4 Bg3 73. Nd5 Be1 74. Ne3 Bf2 75. Nf5+ Kg6 76. Nxh4+ Kf6 77. Nf3 Kg6 78. Ne5+ Kh6 79. Nd3 Be3 80. g3 Bd2 81. Kf3 Kh5 82. Nf4+ Kh6 83. h4 Be1 84. Ne2 Kh5 85. Nf4+ Kh6 86. Nd3 Bd2 87. Kg4 Bc3 88. Kf5 Bd2 89. g4 Bc3 90. Nf4 Ba1 91. g5+ Kh7 92. Kg4 Bb2 93. h5 Bc1 94. Nd5 Bd2 95. Kf5 Bc1 96. Nf6+ Kh8 97. Ne4 Be3 98. Kg4 Bc1 99. Ng3 Be3 100. Nf5 Bd2 101. g6 Bc1 102. Kf3 Bg5 103. Ke4 Bc1 104. Kd5 Bg5 105. Ke6 Kg8 106. Ng3 Kg7 107. Kf5 Bd2 108. Ne4 Bc1 109. Nf6 Be3 110. Ng4 Bd2 111. h6+ Bxh6 112. Nxh6 Kh8 113. Kf6 1/2-1/2


[Site "https://www.chess.com"]

[Event "Titled Tuesday Blitz February 21 Late 2023"]
[White "Manelyuk, Daniil"]
[Black "Rustemov, Alexander"]
[WhiteFideId "44173920"]
[BlackFideId "4119002"]
[WhiteElo "2302"]
[BlackElo "2525"]
[Result "0-1"]
[Round "06"]
[TimeControl "180+2"]
[Date "2023.02.21"]
[WhiteClock "0:00:12"]
[BlackClock "0:00:07"]

1. e4 e6 2. d4 d5 3. Bd3 dxe4 4. Bxe4 Nf6 5. Bf3 Be7 6. Ne2 O-O 7. O-O Nbd7 8. b3 e5 9. Nbc3 Re8 10. Bb2 exd4 11. Nxd4 Ne5 12. Be2 c6 13. Nf3 Nxf3+ 14. Bxf3 Bf5 15. Qc1 Qc7 16. Ne2 Rad8 17. Ng3 Bg6 18. c4 Nd7 19. Re1 a5 20. Ne4 Bxe4 21. Bxe4 Bf6 22. Bxf6 Nxf6 23. Bf3 Qb6 24. h3 Qb4 25. Rxe8+ Rxe8 26. a3 Qe7 27. Qc3 Qe5 28. Qxe5 Rxe5 29. Rd1 Kf8 30. b4 Ke7 31. g3 g6 32. Kg2 Nd7 33. Rb1 axb4 34. axb4 Kd6 35. b5 Rc5 36. Rd1+ Kc7 37. Be2 cxb5 38. cxb5 Rc3 39. f4 Nc5 40. Bf3 Rc2+ 41. Kf1 Rb2 42. Re1 Kd6 43. Rd1+ Ke7 44. Re1+ Kf6 45. Be2 Ne4 46. Kg2 Nc3 47. Kf3 Nxe2 48. Rxe2 Rxe2 49. Kxe2 Ke6 50. Ke3 Kd5 51. f5 Kc5 52. Ke4 gxf5+ 53. Kxf5 Kxb5 54. Kf6 Kc6 55. g4 b5 56. g5 b4 57. h4 b3 58. Kxf7 b2 59. h5 b1=Q 60. g6 Qf5+ 61. Kg7 hxg6 62. h6 g5 63. h7 g4 64. h8=Q Qe5+ 65. Kg8 Qxh8+ 66. Kxh8 g3 67. Kg7 g2 68. Kf7 g1=Q 69. Ke7 Qe3+ 70. Kd8 Qe4 71. Kc8 Qe8# 0-1


[Site "https://www.chess.com"]

[Event "Titled Tuesday Blitz February 21 Late 2023"]
[White "Chor, Kevin"]
[Black "Bikuzhin, Maksim"]
[WhiteFideId "2090740"]
[BlackFideId "24128015"]
[WhiteElo "1944"]
[BlackElo "2279"]
[Result "0-1"]
[Round "06"]
[TimeControl "180+2"]
[Date "2023.02.21"]
[WhiteClock "0:00:01"]
[BlackClock "0:00:48"]

1. e4 c5 2. Nf3 e6 3. d4 cxd4 4. Nxd4 Nf6 5. Nc3 d6 6. Be2 Be7 7. O-O O-O 8. f4 Nc6 9. Be3 a6 10. Qe1 Nxd4 11. Bxd4 b5 12. Bf3 Bb7 13. a3 Nd7 14. Rd1 Qc7 15. Qg3 e5 16. Be3 exf4 17. Bxf4 Ne5 18. Kh1 Kh8 19. Bxe5 dxe5 20. Nd5 Bxd5 21. exd5 Rad8 22. c3 f5 23. Be2 Bd6 24. Qh3 Qd7 25. a4 Rf6 26. axb5 axb5 27. b3 e4 28. Qe3 Re8 29. c4 f4 30. Qd4 f3 31. gxf3 Qh3 32. Rf2 exf3 33. Bf1 Qh5 34. c5 Be5 35. Qd3 Ref8 36. d6 Rh6 37. h3 Rg6 38. d7 Qg5 0-1


[Site "https://www.chess.com"]

[Event "Titled Tuesday Blitz February 21 Late 2023"]
[White "Manukyan, Sargis V."]
[Black "Timmermans, Mark"]
[WhiteFideId "13303465"]
[BlackFideId "1026399"]
[WhiteElo "2253"]
[BlackElo "2392"]
[Result "1-0"]
[Round "06"]
[TimeControl "180+2"]
[Date "2023.02.21"]
[WhiteClock "0:00:18"]
[BlackClock "0:00:05"]

1. Nf3 Nf6 2. d4 e6 3. g3 d5 4. Bg2 Be7 5. O-O O-O 6. Ne5 c5 7. c4 Nc6 8. Nxc6 bxc6 9. cxd5 cxd5 10. Nc3 Bb7 11. b3 Rc8 12. Bb2 cxd4 13. Qxd4 Bc5 14. Qh4 Qa5 15. Rac1 Ba3 16. Bxa3 Qxa3 17. Qd4 a6 18. Qd2 Rc6 19. Nb1 Qd6 20. Rxc6 Bxc6 21. Rc1 Bb7 22. Nc3 Rc8 23. Na4 Rc6 24. Rxc6 Bxc6 25. Nc3 Qb4 26. Ne4 Qxd2 27. Nxd2 Kf8 28. e3 Ke7 29. Bf1 Kd6 30. Bxa6 Kc5 31. a3 e5 32. b4+ Kb6 33. Bd3 e4 34. Be2 Ba4 35. Nb1 Bb5 36. Bd1 Nd7 37. Nc3 Bc4 38. f3 f5 39. g4 fxg4 40. fxe4 dxe4 41. Bxg4 Ne5 42. Bf5 Bd3 43. Bxe4 Bxe4 44. Nxe4 Nc4 45. a4 Nxe3 46. Nc3 Nc2 47. b5 Ka5 48. Kf2 Kb4 49. b6 Nd4 50. b7 Nc6 51. Nd5+ Kc5 52. Ne7 Nb8 53. Nf5 Kb4 54. Nxg7 Kxa4 55. Kg3 Kb5 56. Ne6 Kb6 57. Nf8 h6 58. Kh4 Kxb7 59. Kh5 Kc6 60. Kxh6 Kd6 61. Kg7 Nc6 62. h4 Nd4 63. h5 Ke7 64. Ng6+ Ke6 65. Nh4 Ke7 66. h6 Ne6+ 67. Kg8 Ng5 68. Kg7 Ne6+ 69. Kg6 Nf4+ 70. Kf5 Nd5 71. h7 Ne3+ 72. Kg6 Nd5 73. Nf5+ 1-0


[Site "https://www.chess.com"]

[Event "Titled Tuesday Blitz February 21 Late 2023"]
[White "Kollars, Dmitrij"]
[Black "Hnydiuk, Aleksander"]
[WhiteFideId "12909572"]
[BlackFideId "1109057"]
[WhiteElo "2607"]
[BlackElo "2363"]
[Result "0-1"]
[Round "06"]
[TimeControl "180+2"]
[Date "2023.02.21"]
[WhiteClock "0:02:04"]
[BlackClock "0:01:26"]

1. Nf3 Nf6 2. c4 e6 3. Nc3 Bb4 4. g4 O-O 5. g5 Ne8 6. Qc2 d5 7. e3 c5 8. b3 Nc6 9. Bb2 d4 10. Ne4 f5 11. gxf6 Nxf6 12. Bd3 e5 13. Nfg5 h6 14. Nxf6+ Qxf6 15. Ne4 Qf3 16. Rg1 dxe3 17. fxe3 Qxe3+ 0-1


[Site "https://www.chess.com"]

[Event "Titled Tuesday Blitz February 21 Late 2023"]
[White "Deac, Bogdan-Daniel"]
[Black "Fiorito, Francisco"]
[WhiteFideId "1226380"]
[BlackFideId "180165"]
[WhiteElo "2700"]
[BlackElo "2305"]
[Result "1-0"]
[Round "06"]
[TimeControl "180+2"]
[Date "2023.02.21"]
[WhiteClock "0:00:10"]
[BlackClock "0:00:26"]

1. b3 e5 2. Bb2 Nc6 3. Nf3 d6 4. c4 Nf6 5. g3 g6 6. Bg2 Bg7 7. O-O O-O 8. d3 h6 9. a3 a5 10. Nc3 Be6 11. e3 Ne8 12. d4 Bg4 13. d5 Ne7 14. h3 Bd7 15. e4 f5 16. exf5 gxf5 17. Nh4 Nf6 18. f4 e4 19. Ne2 Qe8 20. Nd4 Qf7 21. Rc1 Rac8 22. Qd2 a4 23. b4 c6 24. dxc6 bxc6 25. Kh2 Rfd8 26. Rfd1 Nh5 27. Qe2 Bf6 28. Qe3 Kh8 29. g4 fxg4 30. hxg4 Nxf4 31. Qxf4 Be5 32. Ne2 Qxf4+ 33. Nxf4 Bxb2 34. Bxe4 Bxg4 35. Rg1 Bxc1 36. Nfg6+ Nxg6 37. Nxg6+ Kg7 38. Rxg4 Bg5 39. Ne7 Rc7 40. Nxc6 Re8 41. b5 Rf7 42. Kg3 Kf6 43. Bd5 Rg7 44. Kf2 h5 45. Rg2 Bh4+ 46. Kf3 Re3+ 47. Kxe3 Rxg2 48. Bxg2 Bg5+ 49. Kd3 Bf4 50. Bd5 h4 51. b6 h3 52. b7 1-0


[Site "https://www.chess.com"]

[Event "Titled Tuesday Blitz February 21 Late 2023"]
[White "Danielyan, Vahe"]
[Black "Rasulov, Vugar"]
[WhiteFideId "13304828"]
[BlackFideId "13402390"]
[WhiteElo "2346"]
[BlackElo "2523"]
[Result "0-1"]
[Round "06"]
[TimeControl "180+2"]
[Date "2023.02.21"]
[WhiteClock "0:00:02"]
[BlackClock "0:00:53"]

1. d4 a6 2. h4 b5 3. h5 Bb7 4. a4 e6 5. Nf3 b4 6. e3 h6 7. Nbd2 Nf6 8. Nc4 Be7 9. Be2 O-O 10. b3 c5 11. Bb2 cxd4 12. Nxd4 d5 13. Ne5 Nbd7 14. Nxd7 Qxd7 15. Nf3 Ne4 16. Bd3 Qc7 17. O-O Rac8 18. Be5 Bd6 19. Bxd6 Nxd6 20. a5 Ne4 21. Bxe4 dxe4 22. Nd4 Rfd8 23. Qg4 Rd5 24. Ra4 Qc5 25. Qxe4 Rcd8 26. Nf3 Bc6 27. Rxb4 Rxh5 28. Qg4 Rf5 29. Rc4 Bxf3 30. Qxf3 Qxa5 31. Qc6 Qd2 32. Qxa6 Qe2 33. Rc6 Qg4 34. Rc8 Rxc8 35. Qxc8+ Kh7 36. Qc3 Rg5 37. Qd3+ f5 38. g3 h5 39. Qd4 Qh3 40. Qf4 Kg6 41. Qf3 h4 42. Qg2 Qg4 43. f4 h3 44. Qf3 Qxg3+ 45. Qxg3 Rxg3+ 46. Kh1 Rxe3 47. b4 Rc3 48. b5 Rxc2 49. Rb1 Rc7 50. b6 Rb7 51. Kh2 Kf6 52. Kxh3 Ke7 53. Kh4 Kd6 54. Kg5 Kc6 55. Kg6 Rxb6 56. Rxb6+ Kxb6 57. Kxg7 Kc5 58. Kf7 Kd4 59. Kxe6 Ke4 0-1


[Site "https://www.chess.com"]

[Event "Titled Tuesday Blitz February 21 Late 2023"]
[White "Bernadskiy, Vitaliy"]
[Black "Cori T., Deysi"]
[WhiteFideId "14100371"]
[BlackFideId "3801934"]
[WhiteElo "2592"]
[BlackElo "2362"]
[Result "1-0"]
[Round "06"]
[TimeControl "180+2"]
[Date "2023.02.21"]
[WhiteClock "0:00:06"]
[BlackClock "0:00:31"]

1. d4 Nf6 2. c4 e6 3. Nc3 Bb4 4. e3 O-O 5. Bd2 d5 6. Nf3 c5 7. a3 Bxc3 8. Bxc3 cxd4 9. Bxd4 Nc6 10. Rc1 Re8 11. Bc3 e5 12. cxd5 Nxd5 13. Bb5 Bg4 14. Bxc6 bxc6 15. h3 Bh5 16. g4 Bg6 17. O-O e4 18. Nd4 Qh4 19. Kg2 h5 20. Be1 Qg5 21. Rxc6 Rad8 22. b4 Nf6 23. Rc5 Qh4 24. f3 exf3+ 25. Qxf3 hxg4 26. Bxh4 gxf3+ 27. Kxf3 Be4+ 28. Kg3 Bd3 29. Bxf6 gxf6 30. Rxf6 Rxe3+ 31. Rf3 Rxf3+ 32. Nxf3 a6 33. h4 Rd6 34. Ne5 Bb5 35. Rc8+ Kg7 36. Rc7 Rf6 37. h5 Rf5 38. h6+ Kxh6 39. Nxf7+ Kh5 40. Rc5 Kg6 41. Nd6 Rxc5 42. bxc5 Bc6 43. Kf4 Kf6 44. Nc4 Ke6 45. Nb6 a5 46. Ke3 Ke5 47. Kd3 Bb5+ 48. Kc3 Ke4 49. a4 Be8 50. Kc4 Bf7+ 51. Kb5 Kd4 52. c6 Be8 53. Nd7 Kc3 54. Kxa5 Kc4 55. Kb6 Kb4 56. a5 1-0


[Site "https://www.chess.com"]

[Event "Titled Tuesday Blitz February 21 Late 2023"]
[White "Urazayev, Arystanbek"]
[Black "Guzman, Christopher"]
[WhiteFideId "13709810"]
[BlackFideId "6405096"]
[WhiteElo "2460"]
[BlackElo "2271"]
[Result "1-0"]
[Round "06"]
[TimeControl "180+2"]
[Date "2023.02.21"]
[WhiteClock "0:00:09"]
[BlackClock "0:00:16"]

1. d4 Nf6 2. c4 e6 3. Nc3 Bb4 4. Qc2 d5 5. a3 Bxc3+ 6. Qxc3 O-O 7. Nf3 a5 8. Bg5 Nbd7 9. e3 a4 10. Bd3 c6 11. O-O Qa5 12. Qc2 h6 13. Bh4 Re8 14. Rfd1 dxc4 15. Bxc4 Qh5 16. Bg3 Nd5 17. Be2 Qg4 18. Ne5 Qg5 19. Nc4 N5b6 20. Nd6 Rf8 21. e4 Qe7 22. Rac1 e5 23. Nf5 Qe8 24. Qc3 f6 25. d5 cxd5 26. exd5 Nb8 27. Nd6 Qd7 28. Qc5 Qd8 29. Nxc8 Nxc8 30. d6 Nc6 31. Qd5+ Kh8 32. Bd3 Qxd6 33. Qf3 Qe6 34. Bf5 Qb3 35. Qe2 Nd4 36. Rxd4 exd4 37. Rc7 Qb6 38. Bd3 Nd6 39. Qe7 Nf7 40. h4 Rae8 41. Qd7 Rd8 42. Qf5 1-0


[Site "https://www.chess.com"]